 Dungeon Crawl Stone Soup version 0.24-a0-736-g4e6fe308c7 (webtiles) character file.

Game seed: 15762480411382925538, levelgen mode: deterministic

35388 immobiliser the Geomancer (level 13, -7/88 HPs)
             Began as a Gargoyle Earth Elementalist on Oct 2, 2019.
             Was a High Priest of Vehumet.
             Hit by a large rock thrown by a cyclops (22 damage)
             ... on level 14 of the Dungeon.
             The game lasted 01:09:35 (17422 turns).

immobiliser the Geomancer (GrEE)                   Turns: 17422, Time: 01:09:36

Health: -7/88      AC: 16    Str: 14    XL:     13   Next: 83%
Magic:  4/26       EV: 15    Int: 19    God:    Vehumet [*****.]
Gold:   1092       SH:  0    Dex: 10    Spells: 11/30 levels left

rFire    + + +     SeeInvis .   s - +2 whip (elec)
rCold    + + .     Gourm    .   (no shield)
rNeg     + . .     Faith    .   q - +0 robe {rC+ rF+}
rPois    ∞         Spirit   .   (no helmet)
rElec    +         Reflect  .   l - scarf {rC+ rF+}
rCorr    .         Harm     .   v - +0 pair of gloves
MR       .....                  (no boots)
Stlth    ++........             I - amulet of regeneration
HPRegen  0.64/turn              K - ring of Nakko {rElec AC+3}
MPRegen  0.20/turn              t - ring of wizardry

@: very slightly contaminated, invisible
A: fire resistance 1, negative energy resistance 1, robust 1, electricity
resistance, unbreathing, petrification resistance, rot immunity, AC +9
a: Renounce Religion


You were on level 14 of the Dungeon.
You worshipped Vehumet.
Vehumet was extremely pleased with you.
You were not hungry.

You visited 2 branches of the dungeon, and saw 15 of its levels.
You also visited: Bailey.

You collected 1260 gold pieces.
You spent 168 gold pieces at shops.

Inventory:

Hand Weapons
 s - a +2 whip of electrocution (weapon)
 M - a +0 morningstar
Missiles
 b - 236 stones (quivered)
Armour
 l - a scarf of resistance (worn)
 q - a +0 robe of resistance (worn)
 v - a +0 pair of gloves (worn)
 y - a +2 cloak
Jewellery
 p - the ring "Mosaw" {AC+4 Str+2 Dex+4 Slay-5 SInv}
   (You found it on level 13 of the Dungeon)

   [ring of protection]

   It affects your AC (+4).
   It affects your strength (+2).
   It affects your dexterity (+4).
   It affects your accuracy and damage with ranged weapons and melee attacks
   (-5).
   It lets you see invisible.
 t - a ring of wizardry (right hand)
 x - an uncursed ring of protection from magic
 I - an amulet of regeneration (around neck)
 K - the ring of Nakko (left hand) {rElec AC+3}
   (You found it on level 12 of the Dungeon)

   [ring of protection]

   It affects your AC (+3).
   It insulates you from electricity.
 O - an uncursed amulet of guardian spirit {unknown}
Wands
 c - a wand of polymorph (1)
 f - a wand of iceblast (1)
 w - a wand of disintegration (32)
 z - a wand of enslavement (15)
 N - a wand of acid (5)
Scrolls
 e - 7 scrolls of remove curse
 k - 2 scrolls of amnesia
 u - 5 scrolls of teleportation
 D - 2 scrolls of magic mapping
 F - 3 scrolls of fear
 G - a scroll of summoning
 H - a scroll of immolation
 J - a scroll of blinking
Potions
 a - a potion of ambrosia
 g - 6 potions of agility
 i - a potion of heal wounds
 j - 2 potions of cancellation
 m - 3 potions of lignification
 n - 4 potions of resistance
 o - 8 potions of curing
 r - a potion of invisibility
 B - 5 potions of mutation
 C - 3 potions of magic
 E - 2 potions of might
 L - a potion of brilliance
Comestibles
 d - 31 rations
 A - 12 chunks of flesh


   Skills:
 + Level 9.3 Fighting
 + Level 8.3 Maces & Flails
 - Level 6.0 Armour
 + Level 7.3 Dodging
 - Level 2.1 Stealth
 + Level 9.1 Spellcasting
 + Level 10.2 Conjurations
 - Level 0.7 Transmutations
 + Level 11.8 Earth Magic
 - Level 6.0 Evocations


You had 11 spell levels left.
You knew the following spells:

 Your Spells              Type           Power        Failure   Level  Hunger
a - Sandblast             Erth           ######       1%          1    None
b - Stone Arrow           Conj/Erth      ######       1%          3    None
c - Lee's Rapid Deconstr  Erth           ######....   1%          5    #####..
d - Mephitic Cloud        Conj/Pois/Air  ###.....     1%          3    None
e - Bolt of Draining      Conj/Necr      ####......   3%          5    #####..
f - Passwall              Tmut/Erth      ####....     1%          2    None

Your spell library contained the following spells:

 Spells                   Type           Power        Failure   Level  Hunger
 Iskenderun's Mystic Bla  Conj           #####...     1%          4    ###....
 Shock                    Conj/Air       ####         1%          1    None
 Static Discharge         Conj/Air       ####....     1%          3    None
 Beastly Appendage        Tmut           ##....       2%          1    None
 Petrify                  Tmut/Erth      ####....     2%          4    ###....
 Infusion                 Chrm           #...         3%          1    None
 Sticks to Snakes         Tmut           ##......     3%          2    None
 Lightning Bolt           Conj/Air       ####......   3%          5    #####..
 Shroud of Golubria       Chrm/Tloc      #.....       4%          2    None
 Song of Slaying          Chrm           #.......     4%          2    None
 Swiftness                Chrm/Air       #.......     4%          2    None
 Spider Form              Tmut/Pois      ##........   9%          3    None
 Recall                   Summ/Tloc      N/A          10%         3    None
 Regeneration             Chrm/Necr      #.........   10%         3    None
 Spectral Weapon          Hex/Chrm       #.......     10%         3    None
 Airstrike                Air            #.........   10%         4    ###....
 Conjure Ball Lightning   Conj/Air       ####......   16%         6    ######.
 Ice Form                 Ice/Tmut       ##......     26%         4    ###....
 Summon Lightning Spire   Summ/Air       #.......     32%         4    ###....
 Blade Hands              Tmut           ##........   52%         5    #####..
 Aura of Abjuration       Summ           #.........   63%         5    #####..
 Silence                  Hex/Air        #.........   63%         5    #####..
 Summon Demon             Summ           #.........   63%         5    #####..
 Summon Forest            Summ/Tloc      #.........   63%         5    #####..
 Summon Mana Viper        Hex/Summ       #.......     63%         5    #####..
 Deflect Missiles         Chrm/Air       #.........   99%         6    ######.
 Shadow Creatures         Summ           N/A          99%         6    ######.
 Tornado                  Air            #.........   100%        9    #######


Dungeon Overview and Level Annotations

Branches:
Dungeon (14/15)            Temple (1/1) D:4            Lair (0/6) D:10
    Orc (0/2) D:10         Vaults (0/5) D:13         Bailey (visited)

Altars:
Ashenzari
Cheibriados
Dithmenos
Elyvilon
Fedhas
Gozag
Hepliaklqana
Kikubaaqudgha
Makhleb
Nemelex Xobeh
Okawaru
Qazlal
Ru
Sif Muna
Trog
Uskayaw
Vehumet
Wu Jian
Xom
Yredelemnul
Zin
The Shining One

Shops:
D:5 *   D:9 (

Portals:
Trove: D:14 (give 9 potions of agility)

Annotations:
D:12 3 runed translucent doors, Guschohoa's ghost, journeyman HOFi; Linguinho's ghost, journeyman GrFi; Muar's ghost, journeyman DrCj
D:14 Roxanne


Innate Abilities, Weirdness & Mutations

You are resistant to torment.
Your stone body is resilient. (AC +9)
You are immune to poison.
You resist negative energy. (rN+)
You are resistant to electric shocks. (rElec)
You can survive without breathing.
You are immune to petrification.
You are immune to rotting.
Your flesh is heat resistant. (rF+)
You are robust. (+10% HP)


Message History

Aiming: Polymorph
Press: ? - help, Shift-Dir - straight line, f - cyclops
Aim: a cyclops (hasn't noticed you, chance to defeat MR: 47%)
The cyclops shouts!
The cyclops resists with some effort.
You hear a shout!
Evoke which item? (* to show all) (? for menu, Esc to quit)
Aiming: Polymorph
Press: ? - help, Shift-Dir - straight line, f/p - cyclops
Aim: a cyclops (chance to defeat MR: 47%)
The cyclops resists with some effort.
The cyclops throws a large rock.
The large rock hits you!!!
* * * LOW HITPOINT WARNING * * *
Evoke which item? (* to show all) (? for menu, Esc to quit)
Aiming: Polymorph
Press: ? - help, Shift-Dir - straight line, f/p - cyclops
Aim: a cyclops (chance to defeat MR: 47%)
The cyclops resists with some effort.
The cyclops throws a large rock.
The large rock hits you!!
You die...

.................
...o......>......
.o...............
..o.............
...>...........
.(...................#
.................._..#
................@....#
.....................#
.....................#
..........C..........#####
.................((.......
#...............(...#####
#..###.8..#######.(.# #..#
..# #...# #..# #
#(..######


You could see a cyclops, an orc warrior (wandering), an orc wizard and an orc
(wandering).

Vanquished Creatures
  Rupert (D:14)
  Kirke (D:14)
  Nessos (D:14)
  A fire dragon (D:12)
  Josephine (D:11)
  5 vault guards
  2 hydras (D:12)
  A centaur warrior (D:13)
  A death knight (D:14)
  Erica (D:8)
  3 two-headed ogres
  A tengu warrior (D:14)
  5 skeletal warriors
  Pikel (D:8)
  2 manticores
  A cyclops (D:14)
  2 deep elf magi
  2 centaur zombies
  A guardian serpent (D:10)
  2 gargoyles (D:12)
  A freezing wraith (D:14)
  2 tengu conjurers
  A troll (D:11)
  A merfolk (D:14)
  A hippogriff (D:13)
  Prince Ribbit (D:6)
  A blink frog (shapeshifter) (D:13)
  6 wraiths
  A shadow (D:11)
  A human (D:14)
  24 yaks
  2 wyverns
  7 hogs (D:14)
  A hungry ghost (D:9)
  A vampire mosquito (D:13)
  A basilisk (D:10)
  A soldier ant (D:11)
  2 water moccasins (D:10)
  2 porcupines
  2 slaves (D:8)
  A black bear (D:3)
  2 sky beasts
  3 orc warriors
  3 ice beasts
  An eye of draining (D:13)
  A necrophage (D:9)
  3 ogres
  11 centaurs
  2 crocodiles
  A big kobold (D:7)
  Blork the orc (D:4)
  4 bullfrogs
  A wyvern zombie (D:12)
  6 scorpions
  4 howler monkeys
  6 crimson imps
  3 bullfrog zombies
  6 hounds
  7 jellies
  3 centaur skeletons
  5 orc priests
  10 orc wizards
  5 iguanas
  2 bullfrog skeletons
  Natasha (thrice) (D:2)
  10 worker ants
  A statue (D:5)
  2 hound zombies
  A howler monkey skeleton (D:9)
  13 gnolls (Bailey)
  20 adders
  4 shadow imps
  An ooze (D:5)
  An adder zombie (D:5)
  5 adder skeletons
  6 worms
  A dart slug (D:2)
  5 leopard geckos
  44 orcs
  10 giant cockroaches
  2 gnoll zombies (D:6)
  7 goblins
  12 hobgoblins
  14 jackals
  A quokka (D:4)
  5 bats
  4 frilled lizards
  22 kobolds
  A quokka skeleton (D:5)
  10 rats
390 creatures vanquished.

Vanquished Creatures (collateral kills)
  A jackal (D:8)
1 creature vanquished.

Vanquished Creatures (others)
  A slave (D:8)
  A scorpion (D:8)
  A fungus (D:10)
  A plant (D:10)
4 creatures vanquished.

Grand Total: 395 creatures vanquished

Notes
Turn   | Place    | Note
-------+----------+-------------------------------------------
     0 | D:1      | immobiliser the Gargoyle Earth Elementalist began the quest
                  | for the Orb.
     0 | D:1      | Reached XP level 1. HP: 10/10 MP: 3/3
   378 | D:1      | Reached skill level 4 in Earth Magic
   378 | D:1      | Reached XP level 2. HP: 8/15 MP: 0/5
   573 | D:1      | Found a snail-covered altar of Cheibriados.
   885 | D:2      | Reached XP level 3. HP: 12/19 MP: 3/6
   890 | D:2      | Learned a level 3 spell: Stone Arrow
   921 | D:2      | Found a hide-covered altar of Uskayaw.
  1190 | D:2      | Found a stormy altar of Qazlal.
  1329 | D:2      | Noticed Natasha
  1332 | D:2      | Killed Natasha
  1332 | D:2      | Reached skill level 1 in Conjurations
  1332 | D:2      | Reached XP level 4. HP: 24/24 MP: 5/8
  1396 | D:2      | Noticed Natasha
  1399 | D:2      | Killed Natasha
  1399 | D:2      | Reached skill level 5 in Earth Magic
  1544 | D:2      | Noticed Natasha
  1547 | D:2      | Killed Natasha
  1547 | D:2      | Reached XP level 5. HP: 28/28 MP: 6/10
  1586 | D:2      | Learned a level 5 spell: Lee's Rapid Deconstruction
  2352 | D:3      | Noticed a black bear
  2376 | D:3      | Killed a black bear
  2376 | D:3      | Reached XP level 6. HP: 17/32 MP: 0/11
  2539 | D:3      | Found a burning altar of Makhleb.
  2543 | D:3      | Found an iron altar of Okawaru.
  3008 | D:3      | Found an ancient bone altar of Kikubaaqudgha.
  3230 | D:3      | Found a faded altar of an unknown god.
  3264 | D:3      | Found a glowing silver altar of Zin.
  3264 | D:3      | Found a glowing golden altar of the Shining One.
  3264 | D:3      | Found a white marble altar of Elyvilon.
  3328 | D:4      | Noticed Blork the orc
  3332 | D:4      | Killed Blork the orc
  3332 | D:4      | Reached skill level 6 in Earth Magic
  3414 | D:4      | Reached XP level 7. HP: 32/36 MP: 13/13
  3662 | D:4      | Found a staircase to the Ecumenical Temple.
  3672 | Temple   | Entered the Ecumenical Temple
  3820 | D:4      | Found a bloodstained altar of Trog.
  4635 | D:5      | Entered Level 5 of the Dungeon
  4706 | D:5      | Found a shadowy altar of Dithmenos.
  4737 | D:5      | Found a radiant altar of Vehumet.
  4746 | D:5      | Became a worshipper of Vehumet
  4912 | D:5      | Found Nisy's Assorted Antiques.
  4936 | D:5      | Bought a scroll of identify for 56 gold pieces
  4936 | D:5      | Bought a scroll labeled PIOVVO GASONK for 28 gold pieces
  4936 | D:5      | Bought a potion of curing for 84 gold pieces
  5061 | D:5      | Found a shadowy altar of Dithmenos.
  5367 | D:5      | Reached skill level 1 in Armour
  5370 | D:5      | Reached skill level 1 in Fighting
  5370 | D:5      | Reached XP level 8. HP: 21/43 MP: 6/15
  5591 | D:5      | Reached skill level 7 in Earth Magic
  6098 | D:6      | Reached skill level 1 in Maces & Flails
  6098 | D:6      | Reached skill level 1 in Evocations
  6112 | D:6      | Reached skill level 5 in Spellcasting
  6116 | D:6      | Found a shimmering altar of Xom.
  6446 | D:6      | Noticed Prince Ribbit
  6459 | D:6      | Killed Prince Ribbit
  6459 | D:6      | Reached * piety under Vehumet
  6459 | D:6      | Offered knowledge of Shock by Vehumet.
  6459 | D:6      | Reached skill level 5 in Conjurations
  6622 | D:6      | Found an ornate altar of the Wu Jian Council.
  6962 | D:6      | Found a basalt altar of Yredelemnul.
  7212 | D:7      | Found an opulent altar of Gozag.
  7298 | D:7      | Reached XP level 9. HP: 42/49 MP: 4/17
  8219 | D:7      | Offered knowledge of Magic Dart by Vehumet.
  8316 | D:8      | Reached ** piety under Vehumet
  8422 | D:8      | Noticed Pikel
  8425 | D:8      | Noticed Erica
  8450 | D:8      | Killed Erica
  8450 | D:8      | Reached skill level 8 in Earth Magic
  8456 | D:8      | Killed Pikel
  8456 | D:8      | Reached XP level 10. HP: 36/57 MP: 6/19
  8690 | D:8      | Found a flagged portal.
  8697 | Bailey   | Entered a bailey
  8900 | Bailey   | Offered knowledge of Mephitic Cloud by Vehumet.
  8911 | Bailey   | Learned a level 3 spell: Mephitic Cloud
  9200 | Bailey   | Reached *** piety under Vehumet
  9218 | Bailey   | Identified a scroll of acquirement
  9734 | D:8      | Gained mutation: You are weak. (Str -2) [potion of
                  | mutation]
  9734 | D:8      | Gained mutation: You have sharp fingernails. [potion of
                  | mutation]
  9735 | D:8      | Lost mutation: You are weak. (Str -2) [potion of mutation]
  9735 | D:8      | Lost mutation: You have sharp fingernails. [potion of
                  | mutation]
  9735 | D:8      | Gained mutation: Your flesh is heat resistant. (rF+)
                  | [potion of mutation]
  9735 | D:8      | Gained mutation: You are robust. (+10% HP) [potion of
                  | mutation]
 10045 | D:9      | Noticed a two-headed ogre
 10056 | D:9      | Killed a two-headed ogre
 10124 | D:9      | Found Pifim's Antique Weapon Shoppe.
 10591 | D:9      | Offered knowledge of Force Lance by Vehumet.
 10937 | D:9      | You fall into a shaft and drop 1 floor!
 10937 | D:10     | Entered Level 10 of the Dungeon
 10937 | D:10     | Found a staircase to the Lair.
 11008 | D:9      | Reached skill level 5 in Fighting
 11016 | D:9      | Reached skill level 5 in Armour
 11244 | D:10     | Found a staircase to the Orcish Mines.
 11306 | D:10     | Reached skill level 9 in Earth Magic
 11543 | D:10     | Reached **** piety under Vehumet
 11686 | D:10     | Offered knowledge of Bolt of Draining by Vehumet.
 11686 | D:10     | Reached XP level 11. HP: 32/70 MP: 9/20
 11870 | D:10     | Learned a level 5 spell: Bolt of Draining
 12205 | D:10     | Learned a level 2 spell: Passwall
 12267 | D:10     | Noticed a manticore
 12274 | D:10     | Killed a manticore
 12274 | D:10     | Reached skill level 5 in Maces & Flails
 13615 | D:11     | Reached skill level 5 in Dodging
 13652 | D:11     | Noticed Josephine
 13731 | D:11     | Killed Josephine
 13731 | D:11     | Reached skill level 5 in Evocations
 14159 | D:12     | Got a steaming steel ring
 14161 | D:12     | Identified the ring of Nakko {rElec AC+3} (You found it on
                  | level 12 of the Dungeon)
 14284 | D:12     | Found a runed translucent gate.
 14293 | D:12     | Found a runed translucent gate.
 14293 | D:12     | Found a runed translucent gate.
 14294 | D:12     | Noticed Muar's ghost (journeyman DrCj)
 14295 | D:12     | Noticed Guschohoa's ghost (journeyman HOFi)
 14295 | D:12     | Noticed Linguinho's ghost (journeyman GrFi)
 14402 | D:12     | Noticed a two-headed ogre
 14403 | D:12     | Noticed a deep elf mage
 14416 | D:12     | Killed a deep elf mage
 14456 | D:12     | Killed a two-headed ogre
 14456 | D:12     | Reached skill level 10 in Earth Magic
 14531 | D:12     | Noticed an eight-headed hydra
 14542 | D:12     | Reached XP level 12. HP: 75/78 MP: 13/23
 14550 | D:12     | Killed an eight-headed hydra
 14660 | D:12     | Reached ***** piety under Vehumet
 14703 | D:12     | Offered knowledge of Iskenderun's Mystic Blast by Vehumet.
 14742 | D:12     | You fall into a shaft and drop 1 floor!
 15260 | D:12     | Noticed a fire dragon
 15274 | D:12     | Noticed a five-headed hydra
 15283 | D:12     | Killed a fire dragon
 15285 | D:12     | Killed a five-headed hydra
 15589 | D:13     | Got a bound marble ring
 15591 | D:13     | Identified the ring "Mosaw" {AC+4 Str+2 Dex+4 Slay-5 SInv}
                  | (You found it on level 13 of the Dungeon)
 16354 | D:13     | Found a gate to the Vaults.
 16354 | D:13     | Noticed a vault guard
 16354 | D:13     | Noticed a vault guard
 16354 | D:13     | Noticed a vault guard
 16354 | D:13     | Noticed a vault guard
 16354 | D:13     | Noticed a centaur warrior
 16362 | D:13     | Killed a vault guard
 16367 | D:13     | Killed a vault guard
 16367 | D:13     | Reached skill level 11 in Earth Magic
 16369 | D:13     | Killed a vault guard
 16369 | D:13     | Reached XP level 13. HP: 61/85 MP: 0/25
 16371 | D:13     | Killed a vault guard
 16556 | D:14     | Identified Roxanne's Catalogue of Transmigration
 16556 | D:14     | Noticed Roxanne
 16715 | D:14     | Noticed Rupert
 16769 | D:14     | Killed Rupert
 17141 | D:14     | Noticed a vault guard
 17154 | D:14     | Killed a vault guard
 17154 | D:14     | Reached skill level 10 in Conjurations
 17192 | D:14     | Found a portal to a secret trove of treasure.
 17247 | D:14     | Noticed Kirke
 17254 | D:14     | Killed Kirke
 17362 | D:14     | Found a bloodstained altar of Trog.
 17402 | D:14     | Noticed Nessos
 17413 | D:14     | Killed Nessos
 17422 | D:14     | Hit by a large rock thrown by a cyclops

Levels and vault maps discovered:
D:1:      lordsloth_arrival_two_stooges, layout_basic, cheibriados_altar_1
D:2:      layout_loops_ring, nicolae_overflow_crystal_walls, first_ration,
          chequers_mini_garden, grunt_decor_arrowhead, minivault_14,
          minmay_misc_feat_rugged, grunt_qazlal_sundering, uniq_natasha
D:3:      layout_loops_ring, good_gods_mini_temple,
          gammafunk_temple_overflow_forgotten, chequers_ecumenical_altar_lobes,
          wad_orctagon
D:4:      minmay_angry_zag, layout_loops_cross, bloody_trog,
          minmay_temple_entry_mini_moons, kennysheep_cross_room,
          uniq_blork_the_orc
D:5:      minmay_bubble_buster, layout_basic, vehumet_statue,
          nicolae_dithmenos_shadow_blocks, serial_shops, nicolae_shop_stone,
          basic_altar
D:6:      layout_layer_cave, lemuel_zombie_altar_yredelemnul,
          lemuel_round_altar, lemuel_crystal_altar, uniq_prince_ribbit1
D:7:      layout_layer_cave, grunt_gozag_statues
D:8:      layout_loops_cross, enter_bailey_3, uniq_erica, uniq_pikel
D:9:      layout_cave_pods, serial_shops, nicolae_shop_trees
D:10:     layout_roguey, minmay_lair_entry_grove, orc_0_dummy,
          nrook_guardian_serpent_double
D:11:     layout_basic, uniq_josephine
D:12:     layout_rooms, gammafunk_ghost_cemetery
D:13:     layout_grid_maze, lightli_vaults_fourway_checkpoint
D:14:     layout_long_grid, basic_altar, enter_trove_5,
          minmay_misc_feat_enclosed, hangedman_stone_soup, uniq_rupert,
          uniq_kirke, uniq_roxanne, uniq_nessos
Temple:   nicolae_temple_figure_zero

Skill      XL: |  1  2  3  4  5  6  7  8  9 10 11 12 13 |
---------------+----------------------------------------+-----
Earth Magic    | 4 5 6 7 8 9 10 11 | 11.8
Spellcasting   | 3 4 5 6 7 8 9 |  9.1
Conjurations   | 1 2 3 4 5 6 7 8 9 10 | 10.2
Armour         | 1 2 4 5 6 |  6.0
Fighting       | 1 2 4 5 6 8 9 |  9.3
Maces & Flails | 2 3 4 5 7 8 |  8.3
Evocations     | 2 3 4 5 6 |  6.0
Dodging        | 2 3 4 5 6 7 |  7.3
Stealth        | |  2.1
Transmutations | |  0.7

Action                   |  1- 3 |  4- 6 |  7- 9 | 10-12 | 13-15 || total
-------------------------+-------+-------+-------+-------+-------++-------
Melee: Unarmed           |    40 |       |       |       |       ||    40
       Club              |    60 |    51 |       |       |       ||   111
       Whip              |       |    41 |   282 |   584 |    24 ||   931
 Cast: Sandblast         |    28 |    30 |    75 |   152 |    43 ||   328
       Stone Arrow       |       |     3 |     1 |     8 |    13 ||    25
       Lee's Rapid Decon |       |       |    14 |    51 |    17 ||    82
       Mephitic Cloud    |       |       |       |     7 |       ||     7
       Bolt of Draining  |       |       |       |    11 |       ||    11
       Passwall          |       |       |       |     3 |       ||     3
Evoke: Wand              |       |       |     2 |    14 |    10 ||    26
  Use: Scroll            |       |     9 |    12 |     8 |     1 ||    30
       Potion            |       |       |     4 |     7 |     4 ||    15
 Stab: Sleeping          |     2 |     2 |     3 |     4 |       ||    11
       Confused          |       |       |       |     2 |       ||     2
  Eat: Chunk             |     2 |     6 |    16 |    33 |     8 ||    65
       Ration            |       |       |     2 |     3 |       ||     5
Armor: Robe              |    62 |    34 |   134 |   269 |    43 ||   542
Dodge: Dodged            |    93 |    64 |   235 |   506 |    67 ||   965

Table legend:
 A = Non-vault XP
 B = Vault XP
 C = Vault XP percentage of total XP
 D = Non-vault monster count
 E = Vault monster count
 F = Vault count percentage of total count
                 A         B        C        D         E       F
            +---------+---------+-------+---------+---------+-------
      Total |   27834 |   22721 |  44.9 |     286 |     103 |  26.5
            +---------+---------+-------+---------+---------+-------
        D:1 |      19 |       0 |   0.0 |      13 |       0 |   0.0
        D:2 |     143 |      35 |  19.7 |      29 |       1 |   3.3
        D:3 |     285 |      12 |   4.0 |      24 |       4 |  14.3
        D:4 |     308 |     151 |  32.9 |      22 |       4 |  15.4
        D:5 |     213 |     143 |  40.2 |      13 |       7 |  35.0
        D:6 |     311 |     263 |  45.8 |       8 |       3 |  27.3
        D:7 |    1363 |       0 |   0.0 |      34 |       0 |   0.0
        D:8 |     445 |    1532 |  77.5 |      10 |       6 |  37.5
        D:9 |    1801 |     927 |  34.0 |      21 |       6 |  22.2
       D:10 |    1492 |    1354 |  47.6 |      20 |       6 |  23.1
       D:11 |    2356 |    2143 |  47.6 |      28 |       6 |  17.6
       D:12 |    8131 |       0 |   0.0 |      35 |       0 |   0.0
       D:13 |    5457 |    6416 |  54.0 |      17 |      11 |  39.3
       D:14 |    5510 |    9449 |  63.2 |      12 |      15 |  55.6
     Bailey |       0 |     296 | 100.0 |       0 |      34 | 100.0
            +---------+---------+-------+---------+---------+-------
